[Event "Titled Tuesday Blitz November 07 Late 2023"]
[White "Estrada Nieto, Julian"]
[Black "Sarkar, Justin"]
[WhiteFideId "5101018"]
[BlackFideId "2010011"]
[WhiteElo "2441"]
[BlackElo "2239"]
[Result "1/2-1/2"]
[Round "5"]
[TimeControl "180+1"]
[Date "2023.11.07"]
[WhiteClock "0:00:06"]
[BlackClock "0:00:05"]
[Board "110"]

1. e4 c5 2. Nf3 e6 3. c3 d5 4. exd5 exd5 5. d4 Nc6 6. Bb5 Bd6 7. dxc5 Bxc5 8. O-O Ne7 9. Nbd2 O-O 10. Nb3 Bb6 11. Re1 Nf5 12. Bd3 Nh4 13. Be3 Bxe3 14. Rxe3 Bg4 15. Be2 Nxf3+ 16. Bxf3 Bxf3 17. Qxf3 d4 18. cxd4 Nxd4 19. Nxd4 Qxd4 20. Rb3 b6 21. Rd1 Qe5 22. g3 g6 23. Rd7 Qe6 24. Rbd3 Qxa2 25. b3 Qa1+ 26. Kg2 Qe5 27. Rxf7 Rxf7 28. Qxa8+ Kg7 29. Qc6 Qe2 30. Qc3+ Kh6 31. Qd4 Qe6 32. h4 Qf6 33. Qe3+ Kg7 34. Rd2 Re7 35. Qd3 Qe6 36. Qd4+ Qe5 37. Qd3 Qe4+ 38. Qxe4 Rxe4 39. Rd7+ Kg8 40. Rxa7 Rb4 41. Rb7 Rxb3 42. f3 h5 43. g4 hxg4 44. fxg4 b5 45. g5 Kf8 46. Rb6 Kg7 47. Rb7+ Kg8 48. Kh2 Kf8 49. Kg2 Kg8 50. Rc7 Kf8 51. Rb7 Kg8 1/2-1/2


[Site "https://www.chess.com"]

[Event "Titled Tuesday Blitz November 07 Late 2023"]
[White "Kopacz, Grzegorz"]
[Black "Arnold, Ken"]
[WhiteFideId "1109880"]
[BlackFideId "2056836"]
[WhiteElo "2233"]
[BlackElo "2416"]
[Result "0-1"]
[Round "5"]
[TimeControl "180+1"]
[Date "2023.11.07"]
[WhiteClock "0:00:13"]
[BlackClock "0:00:47"]
[Board "111"]

1. c4 Nf6 2. Nf3 b6 3. g3 Bb7 4. Bg2 c5 5. O-O Nc6 6. Nc3 g6 7. b3 Bg7 8. Bb2 O-O 9. d4 cxd4 10. Nxd4 Rc8 11. Nxc6 Bxc6 12. Qd2 Bxg2 13. Kxg2 d6 14. Rac1 Qd7 15. Nd5 Qb7 16. Bxf6 Bxf6 17. f3 Bg7 18. e4 Rfd8 19. Rfd1 h5 20. Nc3 e6 21. Ne2 Rc7 22. Qg5 Rcd7 23. Rc2 Kh7 24. Qf4 d5 25. exd5 exd5 26. cxd5 Rxd5 27. Rxd5 Qxd5 28. Rc7 Qd1 29. Re7 Rd2 30. Kf2 Bd4+ 31. Kg2 Rxe2+ 32. Rxe2 Qxe2+ 33. Kh3 Qe6+ 34. Kg2 Bf6 35. Qc7 Qe2+ 36. Kh3 Qf1# 0-1


[Site "https://www.chess.com"]

[Event "Titled Tuesday Blitz November 07 Late 2023"]
[White "Herman, Daniel"]
[Black "kalxandria"]
[WhiteFideId "30935008"]
[WhiteElo "2409"]
[BlackElo "2228"]
[Result "1-0"]
[Round "5"]
[TimeControl "180+1"]
[Date "2023.11.07"]
[WhiteClock "0:00:20"]
[BlackClock "0:00:00"]
[Board "112"]

1. e4 e6 2. d4 d5 3. Nc3 Nf6 4. e5 Nfd7 5. f4 c5 6. Nf3 Nc6 7. Be3 a6 8. Qd2 Be7 9. Ne2 O-O 10. Ng3 f5 11. c3 b5 12. dxc5 Nxc5 13. Nd4 Bd7 14. Be2 Ne4 15. Nxe4 dxe4 16. O-O Nxd4 17. Bxd4 Bc6 18. Qe3 g5 19. Rad1 gxf4 20. Qxf4 Qe8 21. Qh6 Qg6 22. Be3 Qxh6 23. Bxh6 Rfd8 24. g4 Bc5+ 25. Kg2 Rd5 26. gxf5 Rxe5 27. f6 Kf7 28. Bg7 Rg5+ 29. Kh3 e3 30. Kh4 h6 31. Bh5+ Kg8 32. Bxh6 Rg2 33. f7+ Kh7 34. f8=Q Bxf8 35. Rxf8 Rxf8 36. Bxf8 e2 37. Re1 Kg8 38. Bh6 Kh7 39. Be3 Bd5 40. Rxe2 Rxe2 41. Bxe2 Bxa2 42. Bd3+ Kg7 43. Bd4+ Kf7 44. Kg5 Bd5 45. h4 Kg8 46. h5 Bc4 47. Bc2 e5 48. Bxe5 Bd5 49. h6 Be6 50. h7+ Kf7 51. h8=Q Bd5 52. Qf6+ Ke8 53. Bd6 1-0


[Site "https://www.chess.com"]

[Event "Titled Tuesday Blitz November 07 Late 2023"]
[White "Bazzano, Sebastian"]
[Black "claudiuprunescu"]
[WhiteFideId "104566"]
[WhiteElo "2252"]
[BlackElo "2214"]
[Result "1-0"]
[Round "5"]
[TimeControl "180+1"]
[Date "2023.11.07"]
[WhiteClock "0:00:24"]
[BlackClock "0:01:08"]
[Board "113"]

1. d4 d5 2. Bf4 e6 3. e3 Bd6 4. Qg4 Qf6 5. Bxd6 cxd6 6. Nc3 Nh6 7. Qg3 Bd7 8. Qxd6 Qe7 9. Qxe7+ Kxe7 10. e4 dxe4 11. Nxe4 Nf5 12. Nf3 Bc6 13. Bd3 Rd8 14. c3 Nd7 15. O-O-O b6 16. Rhe1 Kf8 17. Neg5 h6 18. Ne4 Rac8 19. Kb1 Bb7 20. Ne5 Nxe5 21. dxe5 h5 22. f3 Rd5 23. Ng3 Nh4 24. Be4 Rxd1+ 25. Rxd1 Bxe4+ 26. Nxe4 Nxg2 27. Rd7 Ne1 28. Nd6 Rc5 29. Rxf7+ Kg8 30. f4 Nd3 31. Kc2 Ne1+ 32. Kb3 a5 33. a4 Nd3 34. Re7 Nxf4 35. Nf7 h4 36. Ng5 Rxe5 37. Re8# 1-0


[Site "https://www.chess.com"]

[Event "Titled Tuesday Blitz November 07 Late 2023"]
[White "Janaszak, Dawid"]
[Black "Bogaudinov, Rushan"]
[WhiteFideId "1119206"]
[BlackFideId "4129288"]
[WhiteElo "2620"]
[BlackElo "2308"]
[Result "1-0"]
[Round "5"]
[TimeControl "180+1"]
[Date "2023.11.07"]
[WhiteClock "0:00:37"]
[BlackClock "0:00:00"]
[Board "114"]

1. c4 Nf6 2. Nc3 e5 3. e3 d5 4. cxd5 Nxd5 5. Bc4 Nf6 6. Qb3 Qd7 7. Nf3 Nc6 8. d4 exd4 9. exd4 Na5 10. Qb5 Qxb5 11. Bxb5+ Bd7 12. Be2 Bd6 13. Ne5 Be6 14. O-O O-O 15. Bg5 Nd5 16. Bd2 Nxc3 17. Bxc3 Nc6 18. Nxc6 bxc6 19. Rfc1 Bd5 20. g3 Rfe8 21. Bf1 h5 22. h4 a5 23. Rc2 a4 24. a3 g6 25. Rac1 Re7 26. Bd2 Rb8 27. Bg2 Rb3 28. Be3 Re8 29. Bg5 Reb8 30. Re1 Kg7 31. Ree2 Rd3 32. Bxd5 cxd5 33. Be3 Rbb3 34. Kg2 f6 35. Rc6 Rd1 36. Ra6 Rb1 37. Rxa4 R1xb2 38. Rxb2 Rxb2 39. Ra5 Ra2 40. a4 Kf7 41. Kf3 Ke6 42. Ra8 Ra3 43. a5 c5 44. Ke2 cxd4 45. Bxd4 Be5 46. Bc5 Ra2+ 47. Kf3 d4 48. a6 Kd5 49. Bb4 Kc4 50. a7 Kd3 51. Bc5 g5 52. Rc8 g4+ 53. Kg2 1-0


[Site "https://www.chess.com"]

[Event "Titled Tuesday Blitz November 07 Late 2023"]
[White "Zampronha, Wladimir Camilo"]
[Black "Flameboard08"]
[WhiteFideId "2103087"]
[WhiteElo "2307"]
[BlackElo "2591"]
[Result "0-1"]
[Round "5"]
[TimeControl "180+1"]
[Date "2023.11.07"]
[WhiteClock "0:01:14"]
[BlackClock "0:01:16"]
[Board "115"]

1. e4 b6 2. d4 Bb7 3. Bd3 e6 4. Nf3 Nf6 5. Qe2 d5 6. e5 Ne4 7. Nbd2 Nxd2 8. Bxd2 c5 9. c3 Nc6 10. O-O Be7 11. dxc5 bxc5 12. c4 O-O 13. Rad1 a5 14. a3 Ba6 15. Bf4 Rb8 16. cxd5 Bxd3 17. Rxd3 exd5 18. Rfd1 d4 19. e6 Bd6 20. exf7+ Rxf7 21. Bxd6 Qxd6 22. Ng5 Re7 23. Qh5 h6 24. Nf3 Rxb2 25. h3 c4 26. R3d2 Rxd2 27. Rxd2 c3 28. Rc2 d3 29. Rxc3 d2 30. Nxd2 Qxd2 31. Rxc6 Re1+ 32. Kh2 Qf4+ 33. g3 Qxf2# 0-1


[Site "https://www.chess.com"]

[Event "Titled Tuesday Blitz November 07 Late 2023"]
[White "Pasti, Aron"]
[Black "Osmonbekov, Talaibek"]
[WhiteFideId "785857"]
[BlackFideId "2017253"]
[WhiteElo "2497"]
[BlackElo "2300"]
[Result "1-0"]
[Round "5"]
[TimeControl "180+1"]
[Date "2023.11.07"]
[WhiteClock "0:02:37"]
[BlackClock "0:00:00"]
[Board "116"]

1. e4 c5 2. Nf3 d6 3. d4 cxd4 4. Nxd4 Nf6 5. Nc3 g6 6. Be3 Bg7 7. f3 O-O 8. Qd2 Nc6 9. O-O-O d5 10. exd5 Nxd5 11. Nxc6 bxc6 12. Bd4 e5 13. Bc5 Be6 14. Ne4 h6 15. g4 Qc7 16. Bxf8 Rxf8 17. Nc5 Bc8 18. Bc4 Rd8 19. Bb3 Bf8 20. Ne4 f5 21. gxf5 gxf5 22. Nf6+ Kh8 23. Rhg1 Bg7 24. Rg6 Bxf6 25. Rxh6+ Kg7 26. Rg1+ Kf8 27. Rxf6+ Nxf6 28. Qh6+ Ke7 29. Rg7+ 1-0


[Site "https://www.chess.com"]

[Event "Titled Tuesday Blitz November 07 Late 2023"]
[White "Osmak, Yuliia"]
[Black "Mesa Cruz, Juan Carlos"]
[WhiteFideId "14101602"]
[BlackFideId "6423400"]
[WhiteElo "2490"]
[BlackElo "2296"]
[Result "1-0"]
[Round "5"]
[TimeControl "180+1"]
[Date "2023.11.07"]
[WhiteClock "0:00:05"]
[BlackClock "0:00:02"]
[Board "117"]

1. e4 c5 2. Nf3 d6 3. Bb5+ Nd7 4. a4 a6 5. Be2 b6 6. O-O Bb7 7. Nc3 Ngf6 8. d4 cxd4 9. Qxd4 e5 10. Qe3 Be7 11. Nd2 O-O 12. Nc4 b5 13. axb5 axb5 14. Rxa8 Qxa8 15. Nxb5 Bxe4 16. Qh3 d5 17. Ncd6 Bxc2 18. Bg5 Qc6 19. Nf5 Bc5 20. Rc1 Ne4 21. Be3 Nxf2 22. Bxf2 Bxf5 23. Rxc5 Qe6 24. Qa3 Nxc5 25. Bxc5 Rc8 26. Nd6 Rd8 27. Nxf5 Qxf5 28. h3 h6 29. Bg4 Qb1+ 30. Kh2 Re8 31. Bf2 Qc1 32. Qa4 Rf8 33. Bg3 g6 34. Bxe5 h5 35. Bf3 Qg5 36. Qd4 Re8 37. Bf6 Qf5 38. Bh8 f6 39. Bxf6 h4 40. Bxd5+ Kh7 41. Bxh4 Rd8 42. Bxd8 Qf7 43. Bh4 Qd7 44. Bg3 Qd8 45. Qe4 Qd7 46. Qh4+ Kg7 47. Be4 Qe7 48. Qxe7+ Kh6 49. Qf8+ Kg5 50. Bf4+ Kh5 51. g4+ Kh4 52. Qh6# 1-0


[Site "https://www.chess.com"]

[Event "Titled Tuesday Blitz November 07 Late 2023"]
[White "Minina, Veronika"]
[Black "Ahmad, Khagan"]
[WhiteFideId "4174780"]
[BlackFideId "13431552"]
[WhiteElo "2289"]
[BlackElo "2456"]
[Result "0-1"]
[Round "5"]
[TimeControl "180+1"]
[Date "2023.11.07"]
[WhiteClock "0:00:00"]
[BlackClock "0:01:00"]
[Board "118"]

1. Nf3 Nf6 2. g3 c5 3. Bg2 Nc6 4. O-O e5 5. d3 d5 6. Bg5 Be7 7. Nfd2 Be6 8. Nc3 d4 9. Bxf6 Bxf6 10. Na4 Be7 11. c4 O-O 12. a3 Qc7 13. b4 cxb4 14. axb4 Bxb4 15. Ne4 b6 16. Qb1 Be7 17. h4 h6 18. c5 Rab8 19. cxb6 axb6 20. Rc1 Bd7 21. Qb5 Rfc8 22. Rc2 Qa7 23. Rac1 Nd8 24. Qxe5 Rxc2 25. Rxc2 Bxa4 26. Rc7 Rb7 27. Qxe7 Rxc7 28. Qxd8+ Kh7 29. Ng5+ hxg5 30. Be4+ g6 31. h5 Bc6 32. hxg6+ fxg6 33. Qxg5 Bxe4 34. Qh4+ Kg7 35. Qxe4 Rc1+ 36. Kh2 Qd7 37. Qe5+ Kh7 38. Qf4 Rc5 39. Qh4+ Rh5 0-1


[Site "https://www.chess.com"]

[Event "Titled Tuesday Blitz November 07 Late 2023"]
[White "Haitin, Ilja"]
[Black "Belanoff, Ted"]
[WhiteFideId "4501764"]
[BlackFideId "2070588"]
[WhiteElo "2419"]
[BlackElo "2286"]
[Result "0-1"]
[Round "5"]
[TimeControl "180+1"]
[Date "2023.11.07"]
[WhiteClock "0:00:01"]
[BlackClock "0:00:16"]
[Board "119"]

1. Nf3 b5 2. e4 a6 3. d4 g6 4. a4 b4 5. Bc4 e6 6. Bb3 Bb7 7. Qe2 Bg7 8. Bg5 Ne7 9. h4 d5 10. e5 Qd7 11. a5 Bc6 12. h5 Bb5 13. Qe3 Nf5 14. Qf4 h6 15. Bf6 Bxf6 16. exf6 g5 17. Qg4 c5 18. dxc5 Nc6 19. c4 dxc4 20. Bxc4 Ncd4 21. Nxd4 Nxd4 22. Bxb5 Nc2+ 23. Kf1 Qxb5+ 24. Kg1 Nxa1 25. Nd2 O-O-O 26. Nc4 Qxc5 27. Nb6+ Kb7 28. Rh3 Qc1+ 29. Kh2 Qf4+ 30. Qxf4 gxf4 31. Rf3 Rd4 32. Na4 Rd5 33. Rxf4 Rxh5+ 34. Kg1 Rxa5 35. Rxb4+ Rb5 36. Rd4 Rc8 37. b4 Nc2 38. Rh4 Rxb4 39. Rxh6 Rxa4 40. Rh7 Rc7 41. g4 Ra1+ 42. Kg2 Ne1+ 43. Kg3 Ra3+ 44. Kh4 Ng2+ 45. Kg5 Ra5+ 46. Kh6 Nf4 47. g5 Nh3 48. Rh8 Nxg5 49. Re8 Ne4 50. f4 Nxf6 51. Rf8 Ng4+ 52. Kg7 f5+ 53. Kg6 e5 54. fxe5 Nxe5+ 55. Kg5 Nf7+ 56. Kf6 f4 57. Ke6 Re5+ 58. Kf6 Rc6+ 59. Kg7 Rg5+ 60. Kh7 Rh6# 0-1


[Site "https://www.chess.com"]

[Event "Titled Tuesday Blitz November 07 Late 2023"]
[White "hristos03"]
[Black "De Souza, Cristiano Gomes"]
[BlackFideId "2151758"]
[WhiteElo "2417"]
[BlackElo "2283"]
[Result "1-0"]
[Round "5"]
[TimeControl "180+1"]
[Date "2023.11.07"]
[WhiteClock "0:00:09"]
[BlackClock "0:00:05"]
[Board "120"]

1. e4 c5 2. Nf3 d6 3. d4 cxd4 4. Nxd4 Nf6 5. Nc3 a6 6. h3 e5 7. Nb3 Be6 8. f4 exf4 9. Bxf4 Nc6 10. Qd2 Be7 11. O-O-O Ne5 12. Nd4 Bd7 13. Nf5 Bxf5 14. exf5 O-O 15. Kb1 Re8 16. g4 Qa5 17. Be2 Rac8 18. g5 Nfd7 19. f6 Bf8 20. h4 Rxc3 21. Qxc3 Qxc3 22. bxc3 gxf6 23. gxf6 Nxf6 24. Bg5 Ne4 25. Bd2 Bg7 26. Rhg1 Kh8 27. Bd3 Nf2 28. Rdf1 Nfxd3 29. cxd3 Nxd3 30. Rxf7 Be5 31. Rgf1 Bg7 32. h5 h6 33. Rxb7 Nc5 34. Rbf7 Ne4 35. Kc2 Rc8 36. R1f3 d5 37. Kd1 Rb8 38. Kc2 Rc8 39. Kd1 Nxc3+ 40. Bxc3 Bxc3 41. Rd7 Re8 42. Rxd5 Bg7 43. Rf7 Kg8 44. Rdd7 Bc3 45. Rh7 a5 46. Rxh6 Bb4 47. Rg6+ Kf8 48. h6 Re1+ 49. Kc2 Re2+ 50. Kb3 Re3+ 51. Ka4 Rh3 52. h7 Ke8 53. Rb7 Bf8 54. Rg8 Rh4+ 55. Kb5 Rxh7 56. Rxh7 a4 57. Rxf8+ Kxf8 58. Ra7 a3 59. Rxa3 Ke7 60. Rb3 Kd6 61. Kc4 Kc6 62. a4 Kc7 63. a5 Kd7 64. a6 Kc7 65. a7 Kd7 66. a8=Q Ke6 67. Qa6+ Kf5 68. Rb5+ Ke4 69. Qa4 1-0


[Site "https://www.chess.com"]

[Event "Titled Tuesday Blitz November 07 Late 2023"]
[White "Dodaro, Mattia"]
[Black "Su, Dion"]
[WhiteFideId "28583400"]
[BlackFideId "2029731"]
[WhiteElo "2261"]
[BlackElo "2416"]
[Result "0-1"]
[Round "5"]
[TimeControl "180+1"]
[Date "2023.11.07"]
[WhiteClock "0:02:16"]
[BlackClock "0:01:44"]
[Board "121"]

1. d4 Nf6 2. c4 e6 3. Nc3 Bb4 4. Qc2 Nc6 5. Nf3 d6 6. Bg5 h6 7. Bxf6 Qxf6 8. O-O-O O-O 9. g4 Bxc3 10. Qxc3 e5 11. d5 Ne7 12. Rg1 Qf4+ 13. Qd2 Qxc4+ 14. Kb1 Ng6 15. h3 Qf4 16. e3 Qxf3 0-1


[Site "https://www.chess.com"]

[Event "Titled Tuesday Blitz November 07 Late 2023"]
[White "Novikova, Galina"]
[Black "Broca Jimenez, Fernando"]
[WhiteFideId "4157095"]
[BlackFideId "5104742"]
[WhiteElo "2414"]
[BlackElo "2254"]
[Result "1-0"]
[Round "5"]
[TimeControl "180+1"]
[Date "2023.11.07"]
[WhiteClock "0:00:57"]
[BlackClock "0:00:00"]
[Board "122"]

1. e4 c5 2. Nf3 g6 3. d4 cxd4 4. Nxd4 Nc6 5. Nc3 Nf6 6. Be3 Bg7 7. Nxc6 bxc6 8. e5 Ng8 9. Bd4 Nh6 10. e6 Bxd4 11. Qxd4 O-O 12. exd7 Qxd7 13. Qxd7 Bxd7 14. O-O-O Be6 15. Be2 Ng4 16. Rd4 Nf6 17. Bf3 Rac8 18. Rhd1 h5 19. h3 Kg7 20. a3 Rc7 21. g4 hxg4 22. hxg4 Rfc8 23. g5 Nd7 24. Ne4 Ne5 25. Be2 Bd5 26. Nc5 Nf3 27. Bxf3 Bxf3 28. Re1 e6 29. Re3 Bh5 30. b4 Rb8 31. Na6 Rcb7 32. Nxb8 Rxb8 33. Rd7 a5 34. Rxe6 axb4 35. axb4 Rxb4 36. Ree7 Rf4 37. Rd2 Bf3 38. Kb2 Bd5 39. Re5 Rf3 40. Kc1 Rf4 41. Kd1 Ra4 42. Ke2 Rf4 43. Ke3 Rf3+ 44. Ke2 Rf4 45. Rexd5 cxd5 46. Rxd5 Rc4 47. Rd2 Kf8 48. Kd3 Rg4 49. c4 Rxg5 50. Re2 Rc5 51. Kd4 Rc8 52. c5 1-0


[Site "https://www.chess.com"]

[Event "Titled Tuesday Blitz November 07 Late 2023"]
[White "Cooper, Aaron"]
[Black "Carrasco Miranda, Andres"]
[WhiteFideId "2634945"]
[BlackFideId "3405990"]
[WhiteElo "2250"]
[BlackElo "2409"]
[Result "0-1"]
[Round "5"]
[TimeControl "180+1"]
[Date "2023.11.07"]
[WhiteClock "0:00:04"]
[BlackClock "0:00:09"]
[Board "123"]

1. e4 e5 2. f4 d5 3. exd5 exf4 4. Nf3 Nf6 5. Bc4 Bd6 6. O-O O-O 7. d4 Bg4 8. Nc3 Re8 9. h3 Bh5 10. Ne2 c6 11. dxc6 Nxc6 12. c3 Qc7 13. Bd3 Rad8 14. Bd2 Ne4 15. Be1 Ng3 16. Nxg3 fxg3 17. Qc2 Bg6 18. Ng5 Bf4 19. Nxh7 Nxd4 20. Qb1 Kxh7 21. Bxg6+ fxg6 22. cxd4 Rxd4 23. Bc3 Rde4 24. Qd1 Qc8 25. Qf3 Qf5 26. Rad1 R8e7 27. Kh1 g5 28. Qd3 g4 29. hxg4 Qxg4 30. Qf3 Qh4+ 31. Kg1 Qh2# 0-1


[Site "https://www.chess.com"]

[Event "Titled Tuesday Blitz November 07 Late 2023"]
[White "Bullen, Alex"]
[Black "Martins, Vinicius Tine"]
[WhiteFideId "1801627"]
[BlackFideId "2112884"]
[WhiteElo "2225"]
[BlackElo "2401"]
[Result "1/2-1/2"]
[Round "5"]
[TimeControl "180+1"]
[Date "2023.11.07"]
[WhiteClock "0:00:40"]
[BlackClock "0:00:14"]
[Board "124"]

1. d4 d5 2. Bf4 c5 3. e3 Nc6 4. c3 cxd4 5. exd4 Bf5 6. Nf3 e6 7. Bd3 Bxd3 8. Qxd3 Bd6 9. Bxd6 Qxd6 10. Nbd2 Nf6 11. O-O O-O 12. Rfe1 Nd7 13. Ng5 Nf6 14. Re3 e5 15. dxe5 Nxe5 16. Qf5 Neg4 17. Rh3 h6 18. Nh7 Nxh7 19. Qxg4 Nf6 20. Qg3 Qxg3 21. Rxg3 Rfe8 22. Kf1 Rad8 23. Nb3 Ne4 24. Rd3 Nf6 25. Rad1 Rc8 26. Nd4 a6 27. Nf5 Re6 28. Ne3 Rb6 29. b3 Rc5 30. f3 Rbc6 31. Nxd5 Nxd5 32. Rxd5 Rxc3 33. Rd8+ Kh7 34. R8d7 Rc7 35. Rxc7 Rxc7 36. Rd2 f6 1/2-1/2


[Site "https://www.chess.com"]

[Event "Titled Tuesday Blitz November 07 Late 2023"]
[White "Silvestre, Christian"]
[Black "Gerbelli Neto, Eduardo"]
[WhiteFideId "30956269"]
[BlackFideId "2103281"]
[WhiteElo "2207"]
[BlackElo "2390"]
[Result "1/2-1/2"]
[Round "5"]
[TimeControl "180+1"]
[Date "2023.11.07"]
[WhiteClock "0:00:07"]
[BlackClock "0:00:13"]
[Board "125"]

1. d4 d5 2. Nf3 Nf6 3. Bf4 Bf5 4. e3 e6 5. c3 Bd6 6. Nbd2 Bxf4 7. exf4 O-O 8. Qb3 b6 9. Be2 c5 10. O-O Nc6 11. Bb5 Na5 12. Qd1 Qc7 13. Ne5 a6 14. Bd3 Bxd3 15. Nxd3 cxd4 16. cxd4 Nc4 17. Rc1 Qd6 18. Nxc4 dxc4 19. Rxc4 b5 20. Rb4 Nd5 21. Rb3 Nxf4 22. Nxf4 Qxf4 23. Rd3 Rfd8 24. d5 Qf5 25. d6 Rd7 26. Qd2 Rad8 27. Rd1 e5 28. Rd5 f6 29. Qa5 Qc2 30. h3 Qc6 31. Qa3 Kf7 32. Qb3 Qc4 33. Qf3 Ke6 34. b3 Qc2 35. Qg4+ Qf5 36. Qb4 Kf7 37. Qc5 Qe4 38. Qc6 Qb4 39. Rc5 Ke6 40. Qd5+ Kf5 41. g4+ Kg6 42. Qd3+ Kf7 43. Qd5+ Kf8 44. Rc6 a5 45. Qe6 a4 46. Rdc1 Rxd6 47. Rxd6 Qxd6 48. Qxd6+ Rxd6 49. bxa4 bxa4 50. Rc4 Ra6 51. Rb4 Kf7 52. a3 Ke6 53. Kf1 g6 54. Ke2 f5 55. gxf5+ gxf5 56. f4 e4 57. Ke3 Kd5 58. Rd4+ Kc5 59. Rb4 h5 60. h4 Rb6 61. Rxa4 Rb3+ 62. Ke2 Rf3 63. Ra5+ Kb6 64. Rxf5 Rxa3 65. Rxh5 Rh3 66. Re5 Rxh4 67. Rxe4 Kc5 68. Kf3 Kd5 69. Re5+ Kd6 70. Ke4 Rh1 71. Rd5+ Ke6 72. Re5+ Kf6 73. Rf5+ Ke6 74. Re5+ Kf6 75. Kf3 Rf1+ 76. Kg3 Rg1+ 77. Kf2 Rg4 78. Kf3 Rg1 79. Ra5 Rf1+ 80. Kg3 Rg1+ 81. Kf2 Rb1 82. Ra3 Rb4 83. Kf3 Rb5 84. Rd3 Kf5 85. Re3 Ra5 86. Rc3 Rb5 87. Ra3 Rc5 88. Rb3 Rd5 89. Rc3 Ra5 90. Re3 Rb5 91. Kg3 Rc5 92. Kf3 Rb5 93. Rc3 Ra5 94. Re3 Rb5 1/2-1/2


[Site "https://www.chess.com"]

[Event "Titled Tuesday Blitz November 07 Late 2023"]
[White "Bashylina, Luisa"]
[Black "Chemin, Justo Reinaldo"]
[WhiteFideId "12983292"]
[BlackFideId "2101580"]
[WhiteElo "2376"]
[BlackElo "2198"]
[Result "0-1"]
[Round "5"]
[TimeControl "180+1"]
[Date "2023.11.07"]
[WhiteClock "0:00:19"]
[BlackClock "0:00:11"]
[Board "126"]

1. d4 d5 2. Nf3 e6 3. g3 Nf6 4. Bg2 Nbd7 5. O-O b6 6. c4 Bb7 7. b3 Be7 8. Bb2 O-O 9. Ne5 a6 10. Nd2 c5 11. e3 cxd4 12. exd4 Ne4 13. Nxe4 dxe4 14. Qe2 f5 15. Rfd1 Nxe5 16. dxe5 Qc7 17. Rac1 Rad8 18. h4 Bc5 19. a3 a5 20. Qe1 Qe7 21. Qc3 g5 22. Rd6 gxh4 23. b4 axb4 24. axb4 e3 25. bxc5 exf2+ 26. Kxf2 Bxg2 27. Kxg2 bxc5 28. gxh4 Kh8 29. Kh3 Rg8 30. Qf3 Rg4 31. Qf2 Rdg8 32. Rf1 Qg7 33. Rd3 Rg2 34. Qf3 Rxb2 35. Qg3 Qxg3+ 36. Rxg3 Rxg3+ 37. Kxg3 Rc2 38. Rf4 Kg7 39. h5 Kh6 40. Kf3 Kxh5 41. Ke3 Kg5 42. Rf3 Rc3+ 43. Ke2 Rxf3 44. Kxf3 h5 45. Kg3 h4+ 46. Kh3 Kf4 47. Kxh4 Kxe5 48. Kg5 Kd4 49. Kf4 Kxc4 50. Ke5 Kd3 51. Kxe6 f4 52. Kf5 f3 53. Kf4 f2 54. Kg4 f1=Q 55. Kg5 c4 56. Kg6 c3 57. Kg7 c2 58. Kg8 c1=Q 59. Kg7 Qg5+ 60. Kh7 Qh3# 0-1


[Site "https://www.chess.com"]

[Event "Titled Tuesday Blitz November 07 Late 2023"]
[White "Tokat, Nehir"]
[Black "Eggleston, Thomas A"]
[WhiteFideId "34557555"]
[BlackFideId "412139"]
[WhiteElo "2190"]
[BlackElo "2370"]
[Result "0-1"]
[Round "5"]
[TimeControl "180+1"]
[Date "2023.11.07"]
[WhiteClock "0:00:05"]
[BlackClock "0:00:06"]
[Board "127"]

1. d4 e6 2. c4 f5 3. g3 Nf6 4. Nf3 Bb4+ 5. Bd2 Qe7 6. Bg2 Bxd2+ 7. Nbxd2 d6 8. O-O e5 9. dxe5 dxe5 10. e4 Nc6 11. Re1 f4 12. gxf4 O-O 13. f5 Nh5 14. Nxe5 Qxe5 15. Qxh5 Qxb2 16. Nf3 Bd7 17. Rad1 Be8 18. Qh4 h6 19. Qg3 Qxa2 20. e5 Rxf5 21. Nh4 Rg5 22. Qf4 Bh5 23. Rd2 Qa5 24. Kh1 Rg4 25. Bd5+ Kh8 26. Qf5 Rxh4 27. Rdd1 Bxd1 28. Rxd1 Qc5 29. Rg1 Qf8 30. Qg6 Nxe5 31. Qg3 Rf4 32. Qe3 Re8 33. Qg3 g5 34. Bxb7 Rg4 35. Qc3 Rxg1+ 36. Kxg1 Qg7 37. Qg3 Rf8 38. Bd5 g4 39. Be4 Nf3+ 40. Kg2 h5 41. h3 gxh3+ 42. Kxh3 Qxg3+ 43. Kxg3 Ng5 44. Bd5 Kg7 45. f4 Nh7 46. Be4 Nf6 47. Bc6 Rd8 48. Kh4 Rd6 49. Bf3 a5 50. Kg5 a4 51. Bd1 Ra6 52. Bb3 axb3 53. c5 b2 54. c6 b1=Q 55. f5 Qg1+ 56. Kh4 Qg4# 0-1


[Site "https://www.chess.com"]

[Event "Titled Tuesday Blitz November 07 Late 2023"]
[White "Skaric, Djuro"]
[Black "Ismayilova, Khanim"]
[WhiteFideId "934569"]
[BlackFideId "13429019"]
[WhiteElo "2360"]
[BlackElo "2168"]
[Result "1-0"]
[Round "5"]
[TimeControl "180+1"]
[Date "2023.11.07"]
[WhiteClock "0:02:19"]
[BlackClock "0:00:59"]
[Board "128"]

1. g3 d5 2. Bg2 Nf6 3. d3 c5 4. h3 Nc6 5. Nf3 e6 6. O-O Bd6 7. Nc3 O-O 8. e4 d4 9. Ne2 e5 10. Ne1 Be6 11. f4 Qc8 12. f5 Bd7 13. g4 c4 14. Rf2 b5 15. Bf1 cxd3 16. cxd3 Nb4 17. Ng3 Qc7 18. g5 Ne8 19. Bd2 f6 20. g6 hxg6 21. fxg6 Qc8 22. Qh5 Rf7 23. gxf7+ Kf8 24. fxe8=Q+ Bxe8 25. Qh8+ Kf7 26. Nh5 Bf8 27. Nxf6 Ke6 28. h4 1-0


[Site "https://www.chess.com"]

[Event "Titled Tuesday Blitz November 07 Late 2023"]
[White "Kniazev, Igor"]
[Black "Dwilewicz, Katarzyna"]
[WhiteFideId "4136349"]
[BlackFideId "1148486"]
[WhiteElo "2166"]
[BlackElo "2359"]
[Result "1-0"]
[Round "5"]
[TimeControl "180+1"]
[Date "2023.11.07"]
[WhiteClock "0:00:52"]
[BlackClock "0:00:17"]
[Board "129"]

1. e4 c5 2. c3 Nc6 3. d4 cxd4 4. cxd4 d5 5. e5 g6 6. Nf3 Bg7 7. Nc3 Bg4 8. Bb5 Nh6 9. h3 Bxf3 10. Qxf3 O-O 11. Bxc6 bxc6 12. Bxh6 Bxh6 13. O-O Rb8 14. Rab1 Rb4 15. Rfd1 Qb6 16. Qd3 Rb8 17. b3 Qa5 18. Na4 e6 19. g3 Bf8 20. Kg2 c5 21. Nxc5 Bxc5 22. dxc5 Qxc5 23. Rbc1 Qb6 24. Rc2 Kg7 25. Rdc1 Rd4 26. Qf3 Qd8 27. Rc7 Qe8 28. Qf6+ Kg8 29. Re7 Qf8 30. Rcc7 Qg7 31. Rxf7 Qxf6 32. exf6 Rdb4 33. Rg7+ Kf8 34. Rxh7 Kg8 35. Rcg7+ Kf8 36. Rh8# 1-0


[Site "https://www.chess.com"]

[Event "Titled Tuesday Blitz November 07 Late 2023"]
[White "Petersson, Kjell"]
[Black "Marcziter, Dmitrii"]
[WhiteFideId "1705148"]
[BlackFideId "13900765"]
[WhiteElo "2143"]
[BlackElo "2344"]
[Result "0-1"]
[Round "5"]
[TimeControl "180+1"]
[Date "2023.11.07"]
[WhiteClock "0:00:24"]
[BlackClock "0:00:59"]
[Board "130"]

1. d4 Nf6 2. Bf4 d5 3. e3 c5 4. Nd2 Nc6 5. c3 Qb6 6. dxc5 Qxb2 7. Ne2 e5 8. Bg3 Bxc5 9. Qc1 Qb6 10. Rb1 Qd8 11. Nb3 Bb6 12. a4 O-O 13. Bh4 Bf5 14. Ra1 a6 15. Ng3 Bg6 16. Be2 Rc8 17. O-O Qd6 18. Qd2 Rfd8 19. Rfd1 Qe6 20. Bd3 Na5 21. Bxg6 hxg6 22. Qb2 Nc4 23. Qc1 Rd6 24. Ne2 Ne4 25. Bg3 Rdc6 26. f3 Nxg3 27. hxg3 Bxe3+ 0-1


[Site "https://www.chess.com"]